 Dungeon Crawl Stone Soup version 0.18.1-50-g88ac8fd (webtiles) character file.

9681 gloryseeker the Quickloader (level 11, -5/68 HPs)
             Began as a Kobold Arcane Marksman on Sept 14, 2016.
             Was an Initiate of Ru.
             Slain by a hill giant
             ... wielding a +0 giant club
              (24 damage)
             ... on level 9 of the Dungeon.
             The game lasted 01:47:25 (20898 turns).

gloryseeker the Quickloader (KoAM)                 Turns: 20898, Time: 01:47:25

Health: -5/68      AC: 10    Str: 10    XL:     11   Next: 78%
Magic:  6/20       EV: 14    Int: 14    God:    Ru [......]
Gold:   482        SH:  0    Dex: 16    Spells: 5 memorised, 9 levels left

rFire  . . .     SeeInvis .     z - +0 blowgun
rCold  + . .     Gourm    .     m - +2 leather armour {rC+}
rNeg   . . .     Faith    .     (shield restricted)
rPois  .         Spirit   .     (no helmet)
rElec  .         Dismiss  .     r - +2 cloak
rCorr  .         Reflect  .     w - +0 pair of gloves
SustAt .         Harm     .     v - +0 pair of boots
MR     +....                    (no amulet)
Stlth  ..........               y - ring of protection from magic
                                l - ring of loudness (curse)

@: somewhat resistant to hostile enchantments, extremely unstealthy
A: carnivore 3
a: Renounce Religion


You were on level 9 of the Dungeon.
You worshipped Ru.
Ru was noncommittal.
You were very full.

You visited 2 branches of the dungeon, and saw 11 of its levels.
You also visited: Bailey.

You collected 544 gold pieces.
You spent 62 gold pieces at shops.

Inventory:

Hand Weapons
 a - a +1 hand crossbow of flaming
 b - a +2 short sword of speed
 z - a +0 blowgun (weapon)
 L - a +3 rapier
Missiles
 k - 20 bolts
 o - 4 poisoned needles (quivered)
 F - 3 curare-tipped needles
Armour
 m - a +2 leather armour of cold resistance (worn)
 r - a +2 cloak (worn)
 v - a +0 pair of boots (worn)
 w - a +0 pair of gloves (worn)
 J - a +1 leather armour of positive energy
Jewellery
 e - an uncursed ring of sustain attributes
 l - a cursed ring of loudness (left hand)
 y - a ring of protection from magic (right hand)
Wands
 i - a wand of acid (7/15)
 q - a wand of teleportation (2/9)
 D - a wand of acid (0/15)
 I - a wand of lightning (8/15)
Scrolls
 g - 2 scrolls of fog
 h - 3 scrolls of magic mapping
 j - 3 scrolls of enchant weapon
 p - a scroll of teleportation
 s - a scroll of identify
 H - a scroll of blinking
Potions
 n - 3 potions of flight
 t - a potion of brilliance
 u - a potion of haste
 x - 5 potions of cure mutation
 A - a potion of resistance
 B - a potion of curing
 E - a potion of agility
 G - a potion of magic
 K - a potion of berserk rage
Books
 C - the Guide on Flying Attacks
   (You found it in a bailey)

   Spells                             Type                      Level
   a - Sting                          Conjuration/Poison           1
   b - Shock                          Conjuration/Air              1
   c - Dazzling Spray                 Conjuration/Hexes            3
   d - Poisonous Cloud                Conjuration/Poison/Air       6
   e - Tornado                        Air                          9
Comestibles
 c - a beef jerky
 d - 2 slices of pizza
 f - 4 meat rations


   Skills:
 + Level 7.9 Fighting
 - Level 12.0 Crossbows
 - Level 2.4 Dodging
 - Level 6.0 Spellcasting
 - Level 10.3 Hexes
 - Level 3.0 Translocations
 - Level 3.1 Fire Magic


You had 9 spell levels left.
You knew the following spells:

 Your Spells              Type           Power        Failure   Level  Hunger
a - Corona                Hex            ####...      1%          1    None
b - Slow                  Hex            ####....     1%          2    #......
c - Gell's Gravitas       Hex/Tloc       ###.......   4%          3    ###....
d - Inner Flame           Hex/Fire       ###.....     4%          3    ###....
e - Cause Fear            Hex            ####......   3%          4    ####...


Dungeon Overview and Level Annotations

Branches:
Dungeon (10/15)            Temple (1/1) D:4
   Lair: D:8-11         Orc: D:9-12

Altars:
Ashenzari
Cheibriados
Dithmenos
Elyvilon
Fedhas
Gozag
Kikubaaqudgha
Makhleb
Nemelex Xobeh
Okawaru
Pakellas
Qazlal
Ru
Sif Muna
Trog
Vehumet
Xom
Yredelemnul
Zin
The Shining One

Shops:
D:7 }   D:9 *

Annotations:
D:4 Prince Ribbit


Innate Abilities, Weirdness & Mutations

You are small and have problems with some larger weapons.
You are carnivorous and can eat meat at any time.


Message History

You see here 2 poisoned needles.
You see here a potion of degeneration.
You see here 12 stones.
Casting: Slow
Confirm with . or Enter, or press ? or * to list all spells.
The hill giant easily resists.
The hill giant barely misses you.
A worker ant comes into view.
Casting: Cause Fear
Confirm with . or Enter, or press ? or * to list all spells.
The worker ant resists with some effort.
The hill giant resists with almost no effort.
The worker ant twitches its antennae in your direction.
The hill giant hits you with a giant club!
* * * LOW HITPOINT WARNING * * *
Casting: Cause Fear
Confirm with . or Enter, or press ? or * to list all spells.
The worker ant looks frightened!
The hill giant resists with almost no effort.
The hill giant hits you with a giant club!!
You die...

###############################
#....(((.[.([.((..(............
#..###############.###########.
#..# #># #. #..# #)# #. #..#
#C# #.
#..###############.###########.
#......(((((!C@)...............
#..............................
#..............................
#..............################
#..............#
#..............#
#..............#
#.............a#
#..............################


You could see a hill giant and a worker ant (fleeing).

Vanquished Creatures
  An orc warlord (Bailey)
  2 hill giants (D:10)
  3 ugly things
  A centaur skeleton (D:10)
  A troll (D:9)
  A two-headed ogre (D:9)
  A wraith (D:9)
  A wyvern (D:9)
  A shadow (D:10)
  3 yaks (D:10)
  Eustachio (D:5)
  Edmund (D:5)
  3 sky beasts
  3 orc warriors
  2 phantoms
  5 ogres
  2 centaurs
  A crocodile (D:10)
  The ghost of loralnil the Ruffian, an amateur VSMo (D:3)
  2 big kobolds
  10 giant frogs
  A water moccasin zombie (D:6)
  2 scorpions
  11 killer bees
  2 howler monkeys
  7 crimson imps
  A centaur zombie (D:5)
  2 giant frog zombies
  5 hounds
  A jelly (D:5)
  6 orc priests
  3 giant frog skeletons
  Crazy Yiuf (D:2)
  4 iguanas
  9 orc wizards
  5 worker ants
  A killer bee zombie (D:6)
  A worker ant zombie (D:8)
  A howler monkey skeleton (D:3)
  14 adders
  A shadow imp (D:5)
  2 oozes (D:1)
  An adder zombie (D:5)
  2 adder skeletons (D:7)
  5 worms
  A dart slug (D:1)
  3 giant geckos
  25 orcs
  5 giant cockroaches
  21 goblins
  10 hobgoblins
  16 jackals
  5 quokkas
  13 bats
  8 giant newts
  32 kobolds
  A quokka skeleton (D:7)
  A quokka zombie (D:7)
  10 rats
  2 plants (D:3)
287 creatures vanquished.

Notes
Turn   | Place    | Note
--------------------------------------------------------------
     0 | D:1      | gloryseeker the Kobold Arcane Marksman began the quest for the Orb.
     0 | D:1      | Reached XP level 1. HP: 12/12 MP: 2/2
     2 | D:1      | Noticed a spriggan
     2 | D:1      | Noticed a formicid
     4 | D:1      | Noticed an octopode
     4 | D:1      | Noticed a demonspawn
     6 | D:1      | Noticed a minotaur
     8 | D:1      | Noticed a gargoyle
     8 | D:1      | Noticed a dwarf
    10 | D:1      | Noticed an ogre
    10 | D:1      | Noticed a vampire
    12 | D:1      | Noticed a human
    12 | D:1      | Noticed a troll
    14 | D:1      | Noticed a merfolk
    14 | D:1      | Noticed a ghoul
    16 | D:1      | Noticed an elf
    16 | D:1      | Noticed a halfling
    18 | D:1      | Noticed a demigod
    18 | D:1      | Noticed a tengu
    20 | D:1      | Noticed a draconian
    20 | D:1      | Noticed a vine stalker
    22 | D:1      | Noticed a centaur
    24 | D:1      | Noticed a naga
    24 | D:1      | Noticed a felid
   286 | D:1      | Reached XP level 2. HP: 9/16 MP: 3/3
   714 | D:1      | Reached XP level 3. HP: 20/20 MP: 4/4
  1160 | D:2      | Learned a level 2 spell: Slow
  1470 | D:2      | Found a burning altar of Makhleb.
  1482 | D:2      | Found a shattered altar of Ashenzari.
  1592 | D:2      | Reached XP level 4. HP: 16/25 MP: 2/5
  1970 | D:2      | Reached skill level 5 in Hexes
  2008 | D:2      | Noticed Crazy Yiuf
  2030 | D:2      | Killed Crazy Yiuf
  2030 | D:2      | Reached skill level 3 in Crossbows
  2030 | D:2      | Reached XP level 5. HP: 29/29 MP: 4/6
  2386 | D:3      | Reached skill level 4 in Crossbows
  3151 | D:3      | Noticed loralnil's ghost (amateur VSMo)
  3942 | D:3      | Killed loralnil's ghost
  3942 | D:3      | Reached skill level 5 in Crossbows
  3942 | D:3      | Reached XP level 6. HP: 17/34 MP: 1/7
  4410 | D:3      | Reached skill level 6 in Crossbows
  5678 | D:4      | Found a staircase to the Ecumenical Temple.
  5687 | Temple   | Entered the Ecumenical Temple
  5876 | D:4      | Noticed a sky beast
  5890 | D:4      | Killed a sky beast
  5890 | D:4      | Reached skill level 7 in Crossbows
  5890 | D:4      | Reached XP level 7. HP: 29/38 MP: 2/8
  6284 | D:5      | Entered Level 5 of the Dungeon
  6487 | D:5      | Reached skill level 8 in Crossbows
  6572 | D:5      | Noticed Edmund
  7060 | D:5      | Noticed Prince Ribbit
  7352 | D:5      | Reached skill level 9 in Crossbows
  7352 | D:5      | Reached XP level 8. HP: 37/43 MP: 7/9
  7367 | D:5      | Found a sparkling altar of Nemelex Xobeh.
  7425 | D:5      | Found an iron altar of Okawaru.
  7446 | D:5      | Noticed Eustachio
  7464 | D:5      | Killed Eustachio
  7468 | D:5      | Reached skill level 10 in Crossbows
  7640 | D:5      | Found a deep blue altar of Sif Muna.
  8059 | D:5      | Killed Edmund
  8059 | D:5      | Reached skill level 11 in Crossbows
  8162 | D:6      | Found a radiant altar of Vehumet.
  8277 | D:6      | Found an ancient bone altar of Kikubaaqudgha.
  8368 | D:6      | Found a deep blue altar of Sif Muna.
  8909 | D:5      | Reached XP level 9. HP: 38/47 MP: 6/10
  9410 | D:6      | Found a stormy altar of Qazlal.
  9827 | D:5      | Reached skill level 12 in Crossbows
 10803 | D:6      | Identified Sif Muna's Almanac of the Escort
 10809 | D:6      | Learned a level 3 spell: Gell's Gravitas
 10813 | D:6      | Learned a level 3 spell: Inner Flame
 10818 | D:6      | Learned a level 4 spell: Cause Fear
 11450 | D:7      | Found a basalt altar of Yredelemnul.
 11523 | D:7      | Found a white marble altar of Elyvilon.
 12056 | D:7      | Found Qiown's Gadget Shop.
 12834 | D:7      | Reached skill level 5 in Spellcasting
 13453 | D:7      | Found a shadowy altar of Dithmenos.
 13454 | D:7      | Found a sacrificial altar of Ru.
 13459 | D:7      | Became a worshipper of Ru the Awakened
 13521 | D:7      | Reached skill level 1 in Fire Magic
 13669 | D:8      | Reached XP level 10. HP: 41/52 MP: 19/19
 13729 | D:8      | Upgraded the game from 0.18.1-48-g4cf74bf to 0.18.1-50-g88ac8fd
 14329 | D:7      | Reached skill level 1 in Translocations
 15780 | D:9      | Found Haotefy's Assorted Antiques.
 15869 | D:9      | Bought a blowgun for 62 gold pieces
 15931 | D:9      | Found a flagged portal.
 15971 | Bailey   | Entered a bailey
 15989 | Bailey   | Noticed an orc warlord
 16390 | Bailey   | Found a runed gate.
 16392 | Bailey   | Found a runed gate.
 16394 | Bailey   | Found a runed gate.
 16822 | Bailey   | Killed an orc warlord
 16858 | Bailey   | Identified the Guide on Flying Attacks
 17180 | D:9      | Reached XP level 11. HP: 56/56 MP: 13/20
 17295 | D:9      | Noticed a purple ugly thing
 17392 | D:9      | Killed a purple ugly thing
 17704 | D:9      | Found a snail-covered altar of Cheibriados.
 17941 | D:10     | Entered Level 10 of the Dungeon
 18241 | D:9      | Reached skill level 10 in Hexes
 18763 | D:10     | Noticed a hill giant
 19592 | D:10     | Noticed a hill giant
 19612 | D:10     | Killed a hill giant
 19612 | D:10     | Reached skill level 5 in Fighting
 19909 | D:10     | Noticed a white ugly thing
 20025 | D:10     | Noticed a red ugly thing
 20033 | D:10     | Killed a white ugly thing
 20306 | D:10     | Killed a red ugly thing
 20469 | D:10     | Noticed a hill giant
 20546 | D:10     | Killed a hill giant
 20768 | D:10     | Noticed a hill giant
 20769 | D:10     | Noticed a hill giant
 20898 | D:9      | Slain by a hill giant

Skill      XL: |  1  2  3  4  5  6  7  8  9 10 11 |
---------------+----------------------------------+-----
Hexes          | 4 5 9 10 | 10.3
Crossbows      | 3 5 7 9 11 12 | 12.0
Spellcasting   | 6 |  6.0
Fire Magic     | 2 3 |  3.1
Translocations | 3 |  3.0
Fighting       | 7 |  7.9
Dodging        | |  2.4

Action                   |  1- 3 |  4- 6 |  7- 9 | 10-12 || total
-------------------------+-------+-------+-------+-------++-------
Melee: Short sword       |    20 |   675 |   803 |   545 ||  2043
       Dagger            |     8 |       |       |       ||     8
 Fire: Hand crossbow     |    53 |    51 |    82 |    83 ||   269
       Blowgun           |       |       |       |    89 ||    89
 Cast: Slow              |     2 |    28 |   104 |    83 ||   217
       Corona            |       |     3 |     4 |     6 ||    13
       Cause Fear        |       |       |     2 |    16 ||    18
       Gell's Gravitas   |       |       |       |    25 ||    25
       Inner Flame       |       |       |       |    12 ||    12
Invok: Reject Sacrifices |       |       |       |     1 ||     1
Evoke: Wand              |       |       |     3 |     3 ||     6
  Use: Scroll            |       |    14 |     3 |    11 ||    28
       Potion            |       |     1 |     5 |     1 ||     7
 Stab: Sleeping          |       |       |     2 |       ||     2
  Eat: Chunk             |    10 |    17 |    34 |    31 ||    92
Armor: Robe              |     3 |    35 |       |       ||    38
       Leather armour    |       |   125 |   204 |   140 ||   469
Dodge: Dodged            |    40 |   382 |   468 |   339 ||  1229
